 Dungeon Crawl Stone Soup version 0.27-a0-1193-g8631133539 (webtiles) character file.

Game seed: 6709746994726803650

12665 EnegeticOcto the Thaumaturge (level 12, 0/85 HPs)
             Began as a Djinni Earth Elementalist on May 25, 2021.
             Was a Priest of Elyvilon.
             Slain by a minotaur (47 damage)
             ... in a Gauntlet.
             The game lasted 00:25:49 (3198 turns).

EnegeticOcto the Thaumaturge (DjEE)                 Turns: 3198, Time: 00:25:50

Health: 0/85       AC:  5    Str:  7    XL:     12   Next: 23%
Gold:   406        EV: 13    Int: 28    God:    Elyvilon [***...] SH:  5 Dex: 14

rFire    + + .     SeeInvis .   h - +0 great mace (flame)
rCold    x . .     Faith    .   (shield currently unavailable)
rNeg     + . .     Spirit   .   E - +1 robe {rN+}
rPois    ∞         Reflect  +   b - +0 helmet
rElec    .         Harm     .   (no cloak)
rCorr    .         Rampage  .   G - +0 pair of gloves
Will     +....     NoTele   +   (boots unavailable)
Stlth    ++........             j - amulet of reflection
HPRegen  0.24/turn              y - +6 ring of intelligence
MPRegen  0.00/turn              (no ring)

@: flying
A: sickness immunity, fire resistance 2, cold vulnerability 1, float, innate
caster, hp casting, extra vitality 1
a: Renounce Religion, Lesser Healing, Heal Other, Purification, Divine
Protection


You were in a Gauntlet.
You worshipped Elyvilon.
Elyvilon was most pleased with you.
You visited 1 branch of the dungeon, and saw 14 of its levels.
You also visited: Ossuary, Gauntlet and Ice Cave.

You collected 406 gold pieces.

Inventory:

Hand Weapons
 a - a +0 short sword
   (You found it on level 1 of the Dungeon)
 h - a +0 great mace of flaming (weapon)
   (You found it on level 5 of the Dungeon)
 l - a +2 dagger of freezing
   (You took it off an orc on level 6 of the Dungeon)
 C - the +5 scythe "Finisher" {speed, eviscerate}
   (You found it on level 9 of the Dungeon)

   Attacks with this weapon are significantly faster.
Missiles
 m - 85 stones
Armour
 b - a +0 helmet (worn)
   (You found it on level 4 of the Dungeon)
 c - a +0 robe
 E - a +1 robe of positive energy (worn)
   (You took it off an orc wizard on level 8 of the Dungeon)
 G - a +0 pair of gloves (worn)
   (You found it on level 8 of the Dungeon)
 L - the +2 pair of gloves of Ijitull {rPois rF+ Int-4 Dex+2}
   (You found it in a Gauntlet)

   It affects your intelligence (-4).
   It affects your dexterity (+2).
   It protects you from fire.
   It protects you from poison.
Jewellery
 e - a +6 ring of strength
   (You found it on level 2 of the Dungeon)
 j - an amulet of reflection (around neck)
   (You found it on level 5 of the Dungeon)
 y - a +6 ring of intelligence (left hand)
   (You found it on level 8 of the Dungeon)
 K - a ring of ice
   (You found it on level 14 of the Dungeon)
 M - an amulet of magic regeneration
   (You found it in a Gauntlet)
 O - the ring "Nuukk" {Wiz Drain rCorr SInv}
   (You found it in a Gauntlet)

   [ring of wizardry]

   It improves your spell success rate.
   It lets you see invisible.
   It protects you from acid and corrosion.
   It drains your maximum health when unequipped.
Wands
 i - a wand of digging (10) {@v3}
   (You found it on level 5 of the Dungeon)
 o - a wand of flame (13) {@v4}
   (You found it on level 8 of the Dungeon)
 x - a wand of iceblast (6) {@v2}
   (You found it on level 8 of the Dungeon)
 F - a wand of acid (5) {@v1}
   (You found it on level 9 of the Dungeon)
 I - a wand of charming (6)
   (You found it on level 11 of the Dungeon)
Scrolls
 f - a scroll of vulnerability {unknown}
 s - 3 scrolls of immolation
 z - a scroll of enchant armour {unknown}
 B - a scroll of silence
 D - a scroll of enchant weapon {unknown}
 H - a scroll of acquirement {unknown}
 J - a scroll of teleportation {@r3 !r}
Potions
 d - a potion of magic
 g - 2 potions of attraction
 k - 3 potions of lignification {unknown}
 n - 6 potions of curing {@q1 !q}
 p - a potion of ambrosia
 q - 3 potions of degeneration {unknown}
 r - a potion of haste {unknown}
 t - 2 potions of mutation {unknown}
 u - 3 potions of flight {unknown}
 v - 2 potions of heal wounds {@q2 !q}
 A - 2 potions of berserk rage
 N - a potion of invisibility {unknown}


   Skills:
 - Level 7.0 Fighting
 - Level 4.0 Dodging
 - Level 1.5 Stealth
 + Level 11.0 Spellcasting
 - Level 10.0 Invocations


You had 5 spell levels left.
You knew the following spells:

 Your Spells              Type           Power      Damage    Failure   Level
a - Sandblast             Erth           100%       2d20      1%          1
b - Stone Arrow           Conj/Erth      100%       3d13      1%          3
c - Petrify               Tmut/Erth      67%        N/A       1%          4
d - Lee's Rapid Deconstr  Erth           33%        3d18*     1%          5
e - Summon Small Mammal   Summ           100%       N/A       1%          1
f - Call Imp              Summ           67%        N/A       1%          2
g - Static Discharge      Conj/Air       67%        N/A       1%          2
h - Frozen Ramparts       Ice            100%       1d12      1%          3
p - Passwall              Tmut/Erth      55%        N/A       1%          2
M - Borgnjor's Vile Clut  Necr/Erth      33%        N/A       1%          5
Your spell library was empty.

Dungeon Overview and Level Annotations

Branches:
Dungeon (14/15)              Lair (0/6) D:10        Ossuary (visited)
  IceCv (visited)         Gauntlet (1/1)
 Temple: D:4-7          Orc: D:9-12      Vaults: D:13-14

Altars:
Elyvilon
Nemelex Xobeh

Annotations:
Gauntlet 6 transporters, 2 runed translucent doors, exclusion: oklob plant


Innate Abilities, Weirdness & Mutations

You are immune to sickness and miasma.
You are immune to poison.
Your flesh is very heat resistant. (rF++)
You are vulnerable to cold. (rC-)
You float through the air rather than walking.
You learn spells naturally, not from books.
Your magical power is your life essence.
You have superior vitality. (+4 HP)


Message History

* * * LOW HITPOINT WARNING * * *
You are healed.
You are engulfed in spectral mist.
You are healed.
N - a ring of poison resistance You drop a ring of poison resistance.
N - a sedimented puce potion
O - the ring "Nuukk" {Wiz Drain rCorr SInv}
Okay, then.
You are healed.
You are healed.
You are healed.
You are healed.
You are healed.
There is a transporter here.
You enter the transporter and appear at another place.
Okay, then.
Okay, then.
You reach down and open the door.
A minotaur comes into view.
It is wearing a +3 ring mail of fire resistance and wearing the amulet of the Snail {Reflect Dex+4 SH+5}.
Found 5 silver javelins.
Found a gate leading back out of this place.
Okay, then.
Aiming: Corrosive Bolt
Press: ? - help, Shift-Dir - straight line, f - minotaur
Aim: a minotaur, wearing a +3 ring mail of fire resistance, wearing the amulet of the Snail {Reflect Dex+4 SH+5} and quivering sling bullets (wandering, hasn't noticed you, 79% to hit)
The bolt of acid hits the minotaur.
The minotaur is splashed with acid!
The acid corrodes the minotaur!
The minotaur is lightly wounded.
The minotaur drinks a potion.
The minotaur goes berserk!
As you read the scroll of summoning, it crumbles to dust.
Wisps of shadow whirl around you...
Okay, then.
Okay, then.
Okay, then.
Press: ? - help, Dir - move target, f/p - minotaur Heal: a minotaur, wearing a +3 ring mail of fire resistance, wearing the amulet of the Snail {Reflect Dex+4 SH+5} and quivering sling bullets (lightly wounded, berserk, covered in acid, ally target, chance to pacify: 21%)
Okay, then.
Okay, then.
Unknown command.
Your rime drake breathes ice at the minotaur.
The flash freeze hits the minotaur!
The minotaur is flash-frozen.
The minotaur blocks your queen bee's attack.
Okay, then.
Okay, then.
The minotaur closely misses your queen bee.
The minotaur misses your queen bee.
Your rime drake bites the minotaur.
Your queen bee stings the minotaur.
The minotaur is poisoned.
Your queen bee poisons the minotaur!
The minotaur closely misses your queen bee.
The minotaur gores your queen bee!
The minotaur blocks your rime drake's attack.
The minotaur misses your rime drake. The minotaur gores your rime drake!
The minotaur blocks your queen bee's attack.
Press: ? - help, Dir - move target, f/p - minotaur Heal: a minotaur, wearing a +3 ring mail of fire resistance, wearing the amulet of the Snail {Reflect Dex+4 SH+5} and quivering sling bullets (moderately wounded, berserk, encased in ice, very poisoned, covered in acid, ally target, chance to pacify: 21%)
The minotaur is no longer encased in ice.
The minotaur hits your queen bee!!
Your queen bee dies!
Your queen bee's corpse dissolves into shadows!
The minotaur hits your rime drake.
The minotaur gores your rime drake but does no damage.
The minotaur blocks your rime drake's attack.
The minotaur hits your rime drake!
The minotaur closely misses your rime drake.
The minotaur blocks your rime drake's attack.
The minotaur rages.
The minotaur hits your rime drake! The minotaur gores your rime drake!
Your rime drake dies!
Your rime drake's corpse dissolves into shadows!
Found a metal-bound book.
Aiming: Corrosive Bolt
Press: ? - help, Shift-Dir - straight line, f/p - minotaur
Aim: a minotaur, wearing a +3 ring mail of fire resistance, wearing the amulet of the Snail {Reflect Dex+4 SH+5} and quivering sling bullets (moderately wounded, berserk, very poisoned, covered in acid, 79% to hit)
The bolt of acid hits the minotaur.
The minotaur is splashed with acid.
The minotaur seems to be corroded for longer.
The minotaur is moderately wounded.
Aiming: Corrosive Bolt
Press: ? - help, Shift-Dir - straight line, f/p - minotaur
Aim: a minotaur, wearing a +3 ring mail of fire resistance, wearing the amulet of the Snail {Reflect Dex+4 SH+5} and quivering sling bullets (moderately wounded, berserk, very poisoned, covered in acid, 79% to hit)
The bolt of acid hits the minotaur!
The minotaur is splashed with acid.
The minotaur seems to be corroded for longer.
The minotaur is heavily wounded.
Aiming: Corrosive Bolt
Press: ? - help, Shift-Dir - straight line, f/p - minotaur
Aim: a minotaur, wearing a +3 ring mail of fire resistance, wearing the amulet of the Snail {Reflect Dex+4 SH+5} and quivering sling bullets (heavily wounded, berserk, very poisoned, covered in acid, 79% to hit)
The bolt of acid hits the minotaur!
The minotaur is splashed with acid.
The minotaur seems to be corroded for longer.
The minotaur is severely wounded.
Casting: Lee's Rapid Deconstruction (dangerous; 1% risk of failure)
Confirm with . or Enter, or press ? or * to list all spells.
Aiming: Lee's Rapid Deconstruction (dangerous; 1% risk of failure)
Press: ? - help, Dir - move target, p - minotaur A metal wall.
The metal wall shatters!
The blast of metal fragments hits the minotaur!
The minotaur is almost dead.
The minotaur hits you!! The minotaur completely misses you.
The minotaur hits you!!!
Ouch! That really hurt!
You die...

8.#.....! ###### ..#.#####:#.
#.8.##....# ###J....#©#.≈
#......##.# .©#####.###.#
#.8.##.##..
8.#...#...#..##...##....# ##..
..#.#.###.#...#.8....##.##....#
8.#©#...+.#.∩.#...##.##....#
..#########...#.©.##....#
8.....#.....8.#.@H...##.'...∩#
..#########...#.©.##.##.######
8.###...###.∩.#...##....#
..###†.=###...#.8....##.#
8.#..##'.##..##...##.##...
.©#..#©#.©#.###.8.##....##.
###..+##.##.≈##......##.#
..###...###.≈≈#.8.# .#
8.###...###.≈##...#


You could see a minotaur (berserk, very poisoned, corroded).

Vanquished Creatures
  A hydra (D:14)
  A ghost crab (Gauntlet)
  A catoblepas (D:14)
  A two-headed ogre (D:11)
  3 ugly things (D:14)
  2 manticores
  2 hornets
  A troll (D:10)
  A basilisk (D:13)
  5 yaks (D:9)
  3 wraiths (D:9)
  3 wyverns
  A steam dragon (D:8)
  Menkaure (D:7)
  3 wargs (D:10)
  2 acid dragons
  A water moccasin (D:5)
  Duvessa (D:5)
  2 orc warriors
  11 ice beasts
  2 black bears
  2 ogres (D:5)
  A necrophage (D:5)
  2 phantoms
  3 centaurs
  2 kobold brigands
  3 bullfrogs
  Dowan (D:5)
  11 killer bees
  8 wights (D:7)
  3 howler monkeys
  2 centaur zombies (D:10)
  4 orc priests
  2 hounds
  A jelly (D:6)
  2 gnoll shamans
  A centaur skeleton (D:7)
  8 orc wizards
  A killer bee zombie (D:7)
  2 mummies (Ossuary)
  10 gnolls
  2 howler monkey zombies
  3 adders
  A white imp (D:6)
  2 worms
  A dart slug (D:1)
  23 orcs
  2 endoplasms (D:2)
  A giant cockroach (D:2)
  A goblin (D:3)
  A jackal (D:1)
  2 ball pythons (D:2)
  5 bats
  A frilled lizard (D:2)
  11 kobolds
  3 rats
176 creatures vanquished.

Vanquished Creatures (collateral kills)
  A salamander (shapeshifter) (D:14)
  A worm (D:3)
  An orc (D:3)
  A bat (D:3)
4 creatures vanquished.

Vanquished Creatures (others)
  An ugly thing (D:14)
  A plant (D:10)
2 creatures vanquished.

Grand Total: 182 creatures vanquished

Notes
Turn   | Place    | Note
-------+----------+-------------------------------------------
     0 | D:1      | EnegeticOcto the Djinni Earth Elementalist began the quest
                  | for the Orb.
     0 | D:1      | Reached XP level 1. HP: 15/15 MP: 0/0
    72 | D:1      | Found a faded altar of an unknown god.
    78 | D:1      | Became a worshipper of Elyvilon the Healer
    78 | D:1      | Reached * piety under Elyvilon
   156 | D:2      | Reached XP level 2. HP: 19/21 MP: 0/0
   167 | D:2      | Reached skill level 1 in Invocations
   304 | D:3      | Reached XP level 3. HP: 17/25 MP: 0/0
   304 | D:3      | Learned a level 1 spell: Summon Small Mammal
   407 | D:5      | Entered Level 5 of the Dungeon
   407 | D:5      | Noticed a phantom
   423 | D:5      | Killed a phantom
   424 | D:5      | Reached skill level 3 in Spellcasting
   424 | D:5      | Reached skill level 2 in Invocations
   424 | D:5      | Reached XP level 4. HP: 17/31 MP: 0/0
   424 | D:5      | Reached XP level 5. HP: 19/35 MP: 0/0
   424 | D:5      | Learned a level 2 spell: Call Imp
   431 | D:5      | Noticed an ogre
   442 | D:5      | Reached skill level 3 in Invocations
   454 | D:5      | Killed an ogre
   455 | D:5      | Reached skill level 4 in Spellcasting
   455 | D:5      | Reached XP level 6. HP: 33/40 MP: 0/0
   463 | D:5      | Noticed a necrophage
   471 | D:5      | Killed a necrophage
   494 | D:5      | Noticed an ogre
   495 | D:5      | Noticed a water moccasin
   496 | D:5      | Noticed a black bear
   498 | D:5      | Killed an ogre
   499 | D:5      | Reached skill level 5 in Spellcasting
   499 | D:5      | Reached XP level 7. HP: 31/45 MP: 0/0
   499 | D:5      | Learned a level 2 spell: Static Discharge
   504 | D:5      | Killed a water moccasin
   715 | D:6      | Reached skill level 1 in Fighting
   721 | D:6      | Reached ** piety under Elyvilon
   750 | D:6      | Reached skill level 6 in Spellcasting
   750 | D:6      | Reached XP level 8. HP: 23/52 MP: 0/0
   777 | D:6      | Found a sparkling altar of Nemelex Xobeh.
   817 | D:6      | Reached skill level 2 in Fighting
   876 | D:6      | Reached skill level 4 in Invocations
   885 | D:5      | Noticed Dowan
   886 | D:5      | Noticed Duvessa
   893 | D:5      | Killed Duvessa
   910 | D:5      | Killed Dowan
   985 | D:4      | Found a sand-covered staircase.
   991 | Ossuary  | Entered an ossuary
  1180 | D:6      | Reached skill level 5 in Invocations
  1258 | D:7      | Reached XP level 9. HP: 36/58 MP: 0/0
  1258 | D:7      | Learned a level 3 spell: Frozen Ramparts
  1317 | D:7      | Reached skill level 7 in Spellcasting
  1319 | D:7      | Reached skill level 6 in Invocations
  1365 | D:7      | Noticed Menkaure
  1368 | D:7      | Reached skill level 3 in Dodging
  1372 | D:7      | Killed Menkaure
  1583 | D:8      | Reached skill level 3 in Fighting
  1727 | D:8      | Noticed a hornet
  1731 | D:8      | Killed a hornet
  1732 | D:8      | Reached skill level 4 in Dodging
  1782 | D:9      | Reached skill level 4 in Fighting
  1782 | D:9      | Reached skill level 7 in Invocations
  1800 | D:9      | Reached XP level 10. HP: 34/67 MP: 0/0
  1866 | D:9      | Reached skill level 8 in Spellcasting
  1887 | D:9      | Found the +5 scythe "Finisher" {speed, eviscerate}
  2034 | D:9      | Reached skill level 8 in Invocations
  2112 | D:8      | Reached skill level 9 in Spellcasting
  2254 | D:10     | Entered Level 10 of the Dungeon
  2295 | D:10     | Reached *** piety under Elyvilon
  2343 | D:10     | Reached skill level 5 in Fighting
  2343 | D:10     | Reached XP level 11. HP: 45/75 MP: 0/0
  2343 | D:10     | Learned a level 5 spell: Borgnjor's Vile Clutch
  2567 | D:11     | Noticed a two-headed ogre
  2578 | D:11     | Killed a two-headed ogre
  2579 | D:11     | Reached skill level 6 in Fighting
  2579 | D:11     | Reached skill level 9 in Invocations
  2657 | D:10     | Found a staircase to the Lair.
  2787 | D:12     | Found a frozen archway.
  2801 | D:12     | Noticed a manticore
  2815 | D:12     | Killed a manticore
  2825 | IceCv    | Entered an ice cave
  2825 | IceCv    | Noticed a white ugly thing
  2888 | D:14     | Noticed a six-headed hydra
  2895 | D:14     | Killed a six-headed hydra
  2896 | D:14     | Reached skill level 7 in Fighting
  2911 | D:14     | Noticed a manticore
  2916 | D:14     | Killed a manticore
  2917 | D:14     | Reached skill level 10 in Spellcasting
  2981 | D:14     | Found a gate leading to a gauntlet.
  2982 | D:14     | Noticed a white ugly thing
  2984 | D:14     | Noticed a white ugly thing
  2985 | D:14     | Noticed a salamander
  2985 | D:14     | a komodo dragon changed into a salamander
  2989 | D:14     | Noticed a white ugly thing
  2991 | D:14     | Noticed a catoblepas
  2992 | D:14     | Noticed a white ugly thing
  2993 | D:14     | Killed a salamander
  2994 | D:14     | Reached skill level 10 in Invocations
  3001 | D:14     | Killed a white ugly thing
  3002 | D:14     | Killed a white ugly thing
  3003 | D:14     | Killed a red ugly thing
  3012 | D:14     | Killed a catoblepas
  3013 | D:14     | Reached XP level 12. HP: 45/85 MP: 0/0
  3015 | D:14     | Noticed an eight-headed hydra
  3018 | D:14     | Pacified an eight-headed hydra
  3056 | Gauntlet | Entered a Gauntlet
  3056 | Gauntlet | Found a transporter.
  3056 | Gauntlet | Found a transporter.
  3059 | Gauntlet | Found a transporter.
  3062 | Gauntlet | Found a transporter.
  3062 | Gauntlet | Found a transporter.
  3063 | Gauntlet | Found a transporter.
  3093 | Gauntlet | Identified the +2 pair of gloves of Ijitull {rPois rF+
                  | Int-4 Dex+2}
  3101 | Gauntlet | Found a transporter.
  3104 | Gauntlet | Found a transporter.
  3105 | Gauntlet | Found a transporter.
  3105 | Gauntlet | Found a transporter.
  3121 | Gauntlet | Noticed a quicksilver ooze
  3126 | Gauntlet | Found a runed translucent door.
  3127 | Gauntlet | Noticed a ghost crab
  3128 | Gauntlet | Found a runed translucent door.
  3128 | Gauntlet | Found a runed translucent door.
  3129 | Gauntlet | Found a transporter.
  3131 | Gauntlet | Found a transporter.
  3159 | Gauntlet | Killed a ghost crab
  3160 | Gauntlet | Reached skill level 11 in Spellcasting
  3169 | Gauntlet | Identified the ring "Nuukk" {Wiz Drain rCorr SInv}
  3185 | Gauntlet | Identified the +8 hunting sling of Desertification {freeze,
                  | rPois rC+++ Dex-2}
  3185 | Gauntlet | Identified the amulet of the Snail {Reflect Dex+4 SH+5}
  3185 | Gauntlet | Noticed a minotaur
  3198 | Gauntlet | Slain by a minotaur

Illustrated notes

Levels and vault maps discovered:
D:1:      matt_arrival_diagonals, layout_basic,
          hellmonk_ecumenical_altar_run_dry, hangedman_decor_clover_reticule
D:2:      layout_basic
D:3:      layout_rooms, serial_co_window_serial, co_window_paths_b,
          co_window_paths_a, co_window_paths_a, co_window_corner_a,
          co_window_of_opportunity_a, co_window_paths_b, co_window_paths_b,
          co_window_paths_a, co_window_paths_b, co_window_unsneaky_path_d,
          co_window_unsneaky_path_d, co_window_broadway_a, nrook_mini_vaults
D:4:      layout_basic, minmay_temple_entry_from_below_a,
          nicolae_ossuary_entry_monument, serial_glass, glass_columns_b,
          glass_columns_a
D:5:      layout_rooms, uniq_duvessa
D:6:      layout_layer_cave, kennysheep_little_box
D:7:      layout_basic, uniq_menkaure
D:8:      layout_basic
D:9:      layout_gridville, minmay_guarded_unrand_finisher
D:10:     layout_basic, erik_lair_orcish_takeover, hiddenorc1_lemuel,
          serial_glass, glass_columns_b, glass_columns_a, glass_columns_b,
          glass_columns_b, special_room [special_room_orc]
D:11:     layout_irregular_city
D:12:     layout_basic, portal_ice_cave_entry_ice_beasts
D:13:     layout_cave_pods, grunt_vaults_entry_tiered, amethyst_killhole,
          kennysheep_generic_room_3
D:14:     layout_roguey, gauntlet_entry_generic, palyth_stone_intersect,
          gammafunk_ghost_stat_death, uniq_louise, uniq_kirke, uniq_frances,
          uniq_snorg
Gauntlet: minmay_gauntlet_77_indecision [minmay_gauntlet_arena_77_fan,
          minmay_gauntlet_arena_77_p_blocks,
          minmay_gauntlet_arena_77_chump_sandwich,
          minmay_gauntlet_arena_77_radiant_squares,
          minmay_gauntlet_arena_77_path, minmay_gauntlet_arena_77_cramped,
          gauntlet_exit_green]

Skill      XL: |  1  2  3  4  5  6  7  8  9 10 11 12 |
---------------+-------------------------------------+-----
Invocations    | 1 2 3 5 7 8 10 | 10.0
Spellcasting   | 3 4 5 6 7 9 10 11 | 11.0
Fighting       | 1 2 4 5 7 |  7.0
Dodging        | 4 |  4.0
Stealth        | |  1.5

Action                   |  1- 3 |  4- 6 |  7- 9 | 10-12 || total
-------------------------+-------+-------+-------+-------++-------
Melee: Short sword       |     6 |       |       |       ||     6
       Great mace        |       |       |     5 |     5 ||    10
       Dagger            |       |       |       |     4 ||     4
 Cast: Sandblast         |    30 |       |    21 |    38 ||    89
       Stone Arrow       |     2 |    11 |    60 |    76 ||   149
       Summon Small Mamm |     2 |       |       |       ||     2
       Static Discharge  |       |       |     8 |    10 ||    18
       Frozen Ramparts   |       |       |     6 |    14 ||    20
       Passwall          |       |       |     5 |    11 ||    16
       Lee's Rapid Decon |       |       |       |    12 ||    12
       Petrify           |       |       |       |     1 ||     1
Invok: Lesser Healing    |     4 |     9 |    41 |    73 ||   127
       Heal Other        |       |       |       |     1 ||     1
Evoke: Wand              |       |       |       |    11 ||    11
  Use: Scroll            |     1 |       |    10 |     2 ||    13
       Potion            |       |       |     2 |     1 ||     3
 Stab: Petrified         |       |       |       |     4 ||     4
Armor: Robe              |     9 |       |     9 |    17 ||    35
Dodge: Dodged            |    17 |     3 |    35 |    42 ||    97
Block: Other             |       |       |    15 |    15 ||    30
       Reflection        |       |       |     1 |     1 ||     2

Table legend: (Time is in decaauts)
 A = Elapsed time spent in this place.
 B = Non-inter-level travel time spent in this place.
 C = Inter-level travel time spent in this place.
 D = Time resting spent in this place.
 E = Time spent auto-exploring this place.
 F = Levels seen in this place.
 G = Mean time per level.
                   A        B        C        D        E       F      G
               +--------+--------+--------+--------+--------+-----+--------+
         Total |   3242 |   3200 |     42 |      0 |      0 |  17 |  190.7 |
       Dungeon |   2954 |   2912 |     42 |      0 |      0 |  14 |  211.0 |
       Ossuary |    142 |    142 |      0 |      0 |      0 |   1 |  142.0 |
      Ice Cave |      3 |      3 |      0 |      0 |      0 |   1 |    3.0 |
      Gauntlet |    141 |    141 |      0 |      0 |      0 |   1 |  141.0 |
               +--------+--------+--------+--------+--------+-----+--------+

Top non-repeatable levels by time:
     D:6: 410 daAuts
     D:9: 390 daAuts
     D:7: 365 daAuts
     D:8: 348 daAuts
     D:5: 251 daAuts
    D:10: 248 daAuts
    D:11: 161 daAuts
     D:1: 153 daAuts
    D:14: 147 daAuts
     D:2: 142 daAuts
 Ossuary: 142 daAuts
Gauntlet: 141 daAuts
    D:12: 123 daAuts
     D:4: 101 daAuts
     D:3: 63 daAuts
